 Dungeon Crawl Stone Soup version 0.31.0-32-g396128a36d (webtiles) character file.

Game seed: 6922838994301930971

51 spaghetti the Grave Robber (level 3, -2/24 HPs)
             Began as a Demonspawn Necromancer on Mar 21, 2024.
             Killed from afar by a white imp (7 damage)
             ... with a puff of frost
             ... on level 3 of the Dungeon.
             The game lasted 00:02:27 (2036 turns).

spaghetti the Grave Robber (Demonspawn Necromancer) Turns: 2036, Time: 00:02:28

Health: -2/24      AC:  6    Str:  8    XL:     3   Next: 58%
Magic:  1/6        EV: 12    Int: 17    God:
Gold:   34         SH:  0    Dex: 13    Spells: 5/6 levels left

rFire   . . .        (no weapon)
rCold   . . .        (no shield)
rNeg    . . .        a - +1 robe
rPois   .            (no helmet)
rElec   .            (no cloak)
rCorr   .            (no gloves)
SInv    .            c - +2 pair of boots
Will    .....        (no amulet)
Stlth   ++           (no ring)
HPRegen 0.24/turn    (no ring)
MPRegen 0.10/turn

%: no passive effects
@: no status effects
A: hooves 1, demonic magic 1
a: no special abilities


You were on level 3 of the Dungeon.
You visited 1 branch of the dungeon, and saw 3 of its levels.

You collected 34 gold pieces.

Inventory:

Armour
 a - a +1 robe (worn)
 c - a +2 pair of boots (worn)
Scrolls
 d - a scroll of identify
 e - a scroll of poison
 j - 2 scrolls of blinking
Potions
 b - a potion of magic
 f - a potion of cancellation
 g - a potion of ambrosia {unknown}


   Skills:
 - Level 1.7 Dodging
 - Level 1.7 Stealth
 - Level 2.0 Spellcasting
 + Level 5.9 Necromancy


You had 5 spell levels left.
You knew the following spells:

 Your Spells              Type           Power      Damage    Failure   Level
a - Necrotise             Necr           84%        1d8       1%          1

Your spell library contained the following spells:

 Spells                   Type           Power      Damage    Failure   Level
 Vampiric Draining        Necr           21%        2d7       4%          3
 Animate Dead             Necr           21%        N/A       17%         4
 Curse of Agony           Necr           21%        N/A       43%         5
 Volatile Blastmotes      Fire/Tloc      2%         2d10      50%         3
 Fulminant Prism          Conj/Alch      0%         3d5       88%         4
 Iskenderun's Mystic Bla  Conj/Tloc      1%         2d3       88%         4


Dungeon Overview and Level Annotations

Branches:
Dungeon (3/15)

Altars:


Innate Abilities, Weirdness & Mutations

You have large cloven feet.
Spells you cast may paralyse adjacent enemies.


Message History

Aim: a bat (moderately wounded, paralysed, chance to affect: 90%)
The bat writhes in agony.
You kill the bat!
Malevolent energies surge around you.
The white imp suddenly stops moving!
The dead are flying!
Your orc skeleton hits the white imp.
Your orc skeleton hits the white imp but does no damage.
The helpless white imp fails to defend itself.
You hit the white imp but do no damage.
The white imp is severely wounded.
Your bat skeleton hits the white imp but does no damage. x2
Your orc skeleton hits the white imp but does no damage. x2
The helpless white imp fails to defend itself.
You hit the white imp but do no damage.
The white imp is severely wounded.
Your bat skeleton hits the white imp. x2
Your bat skeleton hits the white imp but does no damage.
Your orc skeleton hits the white imp but does no damage. x2
The helpless white imp fails to defend itself.
You hit the white imp but do no damage.
The white imp is almost dead.
The white imp is no longer paralysed.
Your orc skeleton crumbles into dust!
Your bat skeleton closely misses the white imp.
Your bat skeleton hits the white imp but does no damage. x2
The white imp hits you but does no damage.
Your orc skeleton closely misses the white imp.
You closely miss the white imp.
The white imp is almost dead.
Your bat skeleton barely misses the white imp.
Your bat skeleton hits the white imp but does no damage.
Your bat skeleton closely misses the white imp.
The white imp barely misses you.
You hit the white imp but do no damage.
The white imp is almost dead.
Your bat skeleton barely misses the white imp.
Your bat skeleton hits the white imp but does no damage.
Your orc skeleton hits the white imp but does no damage.
The white imp gestures at you. The puff of frost hits you!
You die...

.#.#...........
...............
................
.....#...........
..............<..
......Z........#
.......5Z......#
#.@.......#
##..))...#
######.))..#...
(.......<)....#
###############


You could see a white imp (ally target), a friendly bat skeleton and a friendly
orc skeleton.

Vanquished Creatures
  2 dart slugs
  4 orcs (D:3)
  3 ball pythons
  An endoplasm (D:2)
  A giant cockroach (D:1)
  4 goblins
  5 hobgoblins
  4 jackals (D:2)
  A quokka (D:1)
  3 bats
  A frilled lizard (D:1)
  6 kobolds
  2 rats
37 creatures vanquished.

Vanquished Creatures (collateral kills)
  An orc (D:3)
  An endoplasm (D:1)
2 creatures vanquished.

Grand Total: 39 creatures vanquished

Notes
Turn   | Place    | Note
-------+----------+-------------------------------------------
     0 | D:1      | spaghetti the Demonspawn Necromancer began the quest for
                  | the Orb.
     0 | D:1      | Reached XP level 1. HP: 13/13 MP: 3/3
   184 | D:1      | Gained mutation: You have large cloven feet. [demonic
                  | ancestry]
   184 | D:1      | Reached XP level 2. HP: 11/19 MP: 0/5
   204 | D:1      | Reached skill level 5 in Necromancy
  1298 | D:2      | Gained mutation: Spells you cast may paralyse adjacent
                  | enemies. [demonic ancestry]
  1298 | D:2      | Reached XP level 3. HP: 22/24 MP: 6/6
  2036 | D:3      | Killed from afar by a white imp

Illustrated notes

Levels and vault maps discovered:
D:1:      reono_arrival_forest_river, layout_basic
D:2:      cheibrodos_old_hovel, layout_basic, minmay_pentomino_s2
D:3:      layout_rooms, lemuel_coloured_pillars_altar,
          ebering_ecumenical_altar_box, hex_intersection, grunt_ministairs_10,
          uniq_ijyb, uniq_grinder, uniq_jessica, uniq_robin

Skill      XL: |  1  2 |
---------------+-------+-----
Necromancy     | 5 |  5.9
Dodging        | |  1.7
Stealth        | |  1.7
Spellcasting   | |  2.0

Action                     || total
---------------------------++-------
  Melee: Unarmed           ||    98
         Punch             ||     2
   Cast: Necrotise         ||    60
    Use: Scroll            ||     6
         Potion            ||     1
   Stab: Distracted        ||     1
         Paralysed         ||     4
 Armour: Robe              ||    62
  Dodge: Dodged            ||    71
